 Dungeon Crawl Stone Soup version 0.30.0-29-ga12c61a403 (webtiles) character file.

Game seed: 8178279272844273151

677 ANNNA the Sneak (level 7, 0/44 (52) HPs)
             Began as a Grey Draconian Ice Elementalist on June 25, 2023.
             Succumbed to a gnoll's poison
             ... on level 5 of the Dungeon.
             The game lasted 00:11:27 (5595 turns).

ANNNA the Sneak (Grey Draconian Ice Elementalist)   Turns: 5595, Time: 00:11:28

HP:   0/44 (52)     AC: 13    Str: 12    XL:     7   Next: 33%
MP:   12/12         EV: 12    Int: 19    God:
Gold: 140           SH:  0    Dex: 13    Spells: 5/12 levels left

rFire   . . .        m - +7 short sword of the Queen {elec, *Slow rC+ Int+3 Dex+2}
rCold   + . .        (no shield)
rNeg    . . .        (body armour unavailable)
rPois   .            (helmet restricted)
rElec   .            p - +0 cloak
rCorr   .            e - +0 pair of gloves
SInv    .            (no boots)
Will    .....        (no amulet)
Stlth   +++          r - ring of flight
HPRegen 0.27/turn    (no ring)
MPRegen 0.13/turn

%: slow self (1%)
@: lethally poisoned (0 -> -14), about to teleport, flying, heavily drained
A: AC +11, amphibious, unfitting armour, cold-blooded
a: no special abilities


You were on level 5 of the Dungeon.
You visited 1 branch of the dungeon, and saw 5 of its levels.
You also visited: Sewer.

You collected 314 gold pieces.
You spent 174 gold pieces at shops.

Inventory:

Hand Weapons
 c - a +1 dagger of venom
 m - the +7 short sword of the Queen (weapon) {elec, *Slow rC+ Int+3 Dex+2}
   (You found it on level 3 of the Dungeon)

   Int:       It affects your intelligence (+3).
   Dex:       It affects your dexterity (+2).
   rC:        It protects you from cold.
   *Slow:     It may slow you when you take damage.
Missiles
 b - 42 stones (quivered)
 q - 7 poisoned darts
 x - 5 javelins
Armour
 e - a +0 pair of gloves (worn)
 o - a scarf of invisibility
 p - a +0 cloak (worn)
Jewellery
 r - a ring of flight (left hand)
Wands
 l - a wand of polymorph (9)
Scrolls
 f - 3 scrolls of teleportation
 h - 5 scrolls of fog
 i - a scroll of vulnerability {unknown}
 k - a scroll of brand weapon {unknown}
 n - 2 scrolls of blinking
 s - a scroll of summoning {unknown}
 u - a scroll of poison
 v - a scroll of noise {unknown}
 w - a scroll of enchant armour
Potions
 a - a potion of magic
 d - a potion of lignification {unknown}
 j - 2 potions of curing
 t - a potion of mutation {unknown}


   Skills:
 + Level 1.4 Fighting
 + Level 2.6 Short Blades
 * Level 2.3 Polearms
 + Level 2.5 Dodging
 * Level 4.7 Stealth
 * Level 3.3 Spellcasting
 + Level 4.4 Ice Magic
 * Level 2.6 Evocations


You had 5 spell levels left.
You knew the following spells:

 Your Spells              Type           Power      Damage    Failure   Level
a - Freeze                Ice            76%        1d8       2%          1
b - Frozen Ramparts       Ice            38%        1d6       7%          3
c - Ozocubu's Armour      Ice            19%        N/A       7%          3

Your spell library contained the following spells:

 Spells                   Type           Power      Damage    Failure   Level
 Magic Dart               Conj           12%        1d3       14%         1
 Hailstorm                Conj/Ice       11%        3d5       19%         3
 Call Imp                 Summ           6%         N/A       22%         2
 Lesser Beckoning         Tloc           6%         N/A       22%         2
 Gell's Gravitas          Tloc           3%         N/A       41%         3
 Mephitic Cloud           Conj/Pois/Air  3%         N/A       41%         3
 Teleport Other           Tloc           3%         N/A       41%         3
 Summon Ice Beast         Ice/Summ       11%        N/A       52%         4
 Cause Fear               Hex            1%         N/A       82%         4
 Dragon Form              Tmut           1%         N/A       100%        7
 Dragon's Call            Summ           1%         N/A       100%        9


Dungeon Overview and Level Annotations

Branches:
Dungeon (5/15)              Sewer (visited)
 Temple: D:4-7

Altars:

Shops:
D:3 :   D:4 ?


Innate Abilities, Weirdness & Mutations

Your dull iron-grey scales are very hard. (AC +11)
You are amphibious.
You cannot fit into any form of body armour.
You are cold-blooded and may be slowed by cold attacks.


Message History

A gnoll is wielding a +2 halberd of venom.
The gnoll shouts!
You hear a shout!
You hear an angry growl.
The gnoll throws a throwing net.
The throwing net hits you.
You become entangled in the net!
You see here a throwing net.
You struggle against the net.
The gnoll shouts!
You hear a shout!
You struggle against the net.
The wight hits you but does no damage.
You rip the net and break free!
The gnoll throws a throwing net.
The throwing net hits you.
You become entangled in the net!
The wight hits you but does no damage.
You struggle against the net.
The wight hits you from afar with a +0 halberd!
You feel drained. The wight barely misses you.
The gnoll hits you but does no damage.
You are poisoned.
You struggle against the net.
You feel sick.
An ufetubus comes into view.
The wight hits you from afar with a +0 halberd.
You feel drained.
The wight hits you from afar with a +2 spear.
You feel drained.
The gnoll hits you from afar with a +2 halberd of venom!
You are more poisoned.
As you read the scroll of teleportation, it crumbles to dust.
You feel strangely unstable.
You feel very sick.
The wight hits you from afar with a +0 halberd!
You feel drained.
The wight hits you from afar with a +2 spear.
You feel drained. The gnoll hits you but does no damage.
You are lethally poisoned!
You rip the net and break free!
* * * LOW HITPOINT WARNING * * *
You feel very sick. The wight barely misses you.
The wight hits you but does no damage.
The gnoll hits you from afar with a +2 halberd of venom!
* * * LOW HITPOINT WARNING * * *
Unknown command.
You die...

##....
#####...................
#....
.........#####..........
##.#..#####....#
#.......... #'##. #....#
#######...# .. #....#
#######.### .. #zz..#
###.......#
....#....###...########
5...#g........###.....#
........@......# #.....#
.....g.........###.....##
.....#.>........).......#
.....#.........###......#
.... #.........# #.......
.... #.........# #.......
. ... #.........#
####....
oo..##########.........#
###'#
...............#########
#.#


You could see 2 wights, 2 gnolls and an ufetubus (wandering).

Vanquished Creatures
  Pargi (Sewer)
  A black bear (D:5)
  2 wights (D:5)
  2 jellies
  2 sleepcaps (D:4)
  Natasha (twice) (D:2)
  2 iguanas
  5 adders
  A gnoll (D:5)
  A white imp (D:5)
  2 worms (D:2)
  4 dart slugs
  10 orcs
  9 endoplasms
  5 giant cockroaches
  8 goblins
  9 hobgoblins
  4 jackals (D:1)
  3 quokkas
  10 ball pythons
  4 bats
  7 frilled lizards
  9 kobolds
  10 rats
113 creatures vanquished.

Notes
Turn   | Place    | Note
-------+----------+-------------------------------------------
     0 | D:1      | ANNNA the Draconian Ice Elementalist began the quest for
                  | the Orb.
     0 | D:1      | Reached XP level 1. HP: 14/14 MP: 3/3
   283 | D:1      | Reached XP level 2. HP: 18/20 MP: 3/5
   461 | D:1      | Reached skill level 1 in Evocations
   657 | D:1      | Reached XP level 3. HP: 26/26 MP: 6/6
   696 | D:1      | Learned a level 3 spell: Frozen Ramparts
  1457 | D:2      | Noticed Natasha
  1475 | D:2      | Killed Natasha
  1476 | D:2      | Reached XP level 4. HP: 18/33 MP: 1/7
  1617 | D:2      | Learned a level 3 spell: Ozocubu's Armour
  2152 | D:2      | Noticed Natasha
  2159 | D:2      | Killed Natasha
  2495 | D:3      | Identified the +7 short sword of the Queen {elec, *Slow rC+
                  | Int+3 Dex+2}
  2714 | D:3      | Reached skill level 1 in Polearms
  2964 | D:3      | Found a glowing drain.
  2970 | D:3      | Reached skill level 1 in Short Blades
  2970 | D:3      | Reached XP level 5. HP: 39/39 MP: 7/9
  2977 | Sewer    | Entered a sewer
  3044 | Sewer    | Noticed Pargi
  3053 | Sewer    | Killed Pargi
  3054 | Sewer    | Reached skill level 1 in Fighting
  3439 | D:3      | Found Tafokaokhu's Book Boutique.
  3782 | D:4      | Reached XP level 6. HP: 43/47 MP: 10/10
  3854 | D:4      | Found Ynos Xuwkaf's Magic Scroll Shoppe.
  3866 | D:4      | Bought a scroll of identify for 24 gold pieces
  3866 | D:4      | Bought a scroll of identify for 24 gold pieces
  3866 | D:4      | Bought a scroll of blinking for 90 gold pieces
  3866 | D:4      | Bought a scroll of teleportation for 36 gold pieces
  4672 | D:5      | Entered Level 5 of the Dungeon
  5113 | D:5      | Your scales start taking on a dull iron-grey colour.
  5113 | D:5      | Reached XP level 7. HP: 51/52 MP: 4/11
  5595 | D:5      | Succumbed to a gnoll's poison

Illustrated notes

Levels and vault maps discovered:
D:1:      dpeg_arrival_oval, layout_basic, minmay_pentomino_o2
D:2:      layout_basic, hangedman_glass_teeth, chequers_arboretum,
          kennysheep_nondescript, uniq_natasha
D:3:      layout_basic, serial_shops, shop, portal_sewer_entry_d,
          dreamdust_mushroom_princess
D:4:      layout_loops_cross, serial_shops, shop_fountains, roderic_lattice_a,
          serial_park_tiny_pond
D:5:      layout_basic

Skill      XL: |  1  2  3  4  5  6 |
---------------+-------------------+-----
Stealth        | 2 3 4 |  4.7
Evocations     | 1 2 |  2.6
Dodging        | 2 |  2.5
Polearms       | 1 2 |  2.3
Short Blades   | 1 2 |  2.6
Fighting       | 1 |  1.4
Spellcasting   | 3 |  3.3
Ice Magic      | |  4.4

Action                     |  1- 3 |  4- 6 |  7- 9 || total
---------------------------+-------+-------+-------++-------
  Melee: Unarmed           |    21 |       |       ||    21
         Tailslap          |    13 |    18 |     2 ||    33
         Punch             |     4 |     1 |       ||     5
         Dagger            |    92 |    34 |       ||   126
         Short sword       |       |   122 |    16 ||   138
  Throw: Stone             |       |     1 |     1 ||     2
   Cast: Freeze            |    11 |     1 |       ||    12
         Frozen Ramparts   |     3 |     6 |     1 ||    10
         Ozocubu's Armour  |       |     4 |     1 ||     5
    Use: Scroll            |       |     2 |     3 ||     5
   Stab: Sleeping          |    11 |    12 |       ||    23
 Armour: Skin              |    31 |    54 |     9 ||    94
  Dodge: Dodged            |    74 |   105 |     7 ||   186
